 Dungeon Crawl Stone Soup version 0.30-a0-141-g30f27751c5 (webtiles) character file.

Game seed: 7627338617343263325

3152 Devinter the Carver (level 9, -5/73 HPs)
             Began as a Demonspawn Gladiator on May 26, 2022.
             Was a Priest of Ashenzari.
             Killed from afar by an electric eel (13 damage)
             ... with a bolt of electricity
             ... on level 8 of the Dungeon on Sept 25, 2022.
             The game lasted 00:51:17 (5973 turns).

Devinter the Carver (Demonspawn Gladiator)          Turns: 5973, Time: 00:51:17

Health: -5/73      AC:  8    Str: 14    XL:     9   Next: 62%
Magic:  17/17      EV: 14    Int:  9    God:    Ashenzari [***...]
Gold:   542        SH:  0    Dex: 20    Spells: 12/18 levels left

rFire   . . .      SeeInvis +    l - +0 long sword of Ashenzari's Disgust {protect, Alch, Evo} (curse)
rCold   + . .      Faith    .    (no shield)
rNeg    . . .      Spirit   .    c - +0 steam dragon scales "Disgust of Ashenzari" {Cun, Fort} (curse)
rPois   +          Reflect  .    (helmet restricted)
rElec   .          Harm     .    Q - +0 cloak of the Omniscient Disgust {Evo, Fort} (curse)
rCorr   .          Rampage  .    (no gloves)
Will    .....      Clarity  +    (no boots)
Stlth   ++........               (no amulet)
HPRegen 0.22/turn                C - ring "Visionary of Ashenzari" {rC+, Self, Comp} (curse)
MPRegen 0.15/turn                t - ring of the Fated Doubts {rPois, Bglg, Alch} (curse)

@: no status effects
A: antennae 2, rugged brown scales 1, powered by death 1, spiny 2
a: Renounce Religion, Shatter the Chains


You were on level 8 of the Dungeon.
You worshipped Ashenzari.
Ashenzari was most pleased with you.
You visited 1 branch of the dungeon, and saw 8 of its levels.
You also visited: Ossuary.

You collected 542 gold pieces.

Inventory:

Hand Weapons
 a - a +0 long sword
 h - a +0 quarterstaff
 l - the cursed +0 long sword of Ashenzari's Disgust (weapon) {protect, Alch, Evo}
   (You found it on level 1 of the Dungeon)

   It grants its wielder temporary protection when it strikes (+7 to AC).
   It has a curse which improves the following skills: Alchemy: Poison Magic and
   Transmutations.
   Evocations: Evocations.
Missiles
 d - 3 throwing nets
 e - a javelin
 s - 3 silver boomerangs (quivered)
 H - 9 boomerangs
 K - 5 poisoned darts
 M - 6 atropa-tipped darts
Armour
 b - a +0 leather armour
 c - the cursed +0 steam dragon scales "Disgust of Ashenzari" (worn) {Cun, Fort}
   (You found it on level 7 of the Dungeon)

   It has a curse which improves the following skills: Cunning: Dodging and
   Stealth.
   Fortitude: Armour and Shields.
 x - a +0 chain mail
 G - a +0 chain mail
 P - a +0 kite shield
 Q - the cursed +0 cloak of the Omniscient Disgust (worn) {Evo, Fort}
   (You found it on level 8 of the Dungeon)

   It has a curse which improves the following skills: Evocations: Evocations.
   Fortitude: Armour and Shields.
Jewellery
 i - a ring of willpower
 t - the cursed ring of the Fated Doubts (right hand) {rPois, Bglg, Alch}
   (You found it on level 2 of the Dungeon)

   [ring of poison resistance]

   rPois:     It protects you from poison.
   It has a curse which improves the following skills: Beguiling: Conjurations,
   Hexes and Translocations.
   Alchemy:   Poison Magic and Transmutations.
 w - a ring of fire
 C - the cursed ring "Visionary of Ashenzari" (left hand) {rC+, Self, Comp}
   (You found it on level 3 of the Dungeon)

   [ring of protection from cold]

   rC:        It protects you from cold.
   It has a curse which improves the following skills: Introspection: Fighting
   and Spellcasting.
   Companions: Summonings and Necromancy.
 R - an amulet of magic regeneration
 S - a ring of wizardry
Wands
 y - a wand of flame (18)
 E - a wand of acid (7)
 I - a wand of iceblast (24)
Scrolls
 f - 10 scrolls of identify
 g - 2 scrolls of blinking
 k - 6 scrolls of teleportation
 m - 2 scrolls of fear
 n - 2 scrolls of immolation
 o - 4 scrolls of amnesia
 p - a scroll of silence
 q - a scroll of vulnerability
 v - 3 scrolls of enchant armour
 z - 2 scrolls of enchant weapon
 D - a scroll of torment
 F - a scroll of brand weapon
 L - 2 scrolls of poison
Potions
 j - 2 potions of heal wounds
 r - 4 potions of ambrosia
 u - 3 potions of haste
 A - 2 potions of curing
 B - a potion of lignification
 J - 2 potions of brilliance
 N - a potion of invisibility
 O - a potion of berserk rage


   Skills:
 - Level 5.0(6.5) Fighting
 - Level 10.0 Long Blades
 - Level 2.0 Throwing
 - Level 4.1(6.4) Armour
 - Level 3.0(4.3) Dodging
 - Level 1.2(2.3) Stealth
 + Level 1.6(3.3) Shields
 - Level 3.9(5.4) Spellcasting


You had 12 spell levels left.
You knew the following spells:

 Your Spells              Type           Power      Damage    Failure   Level
a - Apportation           Tloc           4%         N/A       22%         1
b - Ensorcelled Hibernat  Hex/Ice        4%         N/A       34%         2
c - Swiftness             Air            2%         N/A       56%         3

Your spell library contained the following spells:

 Spells                   Type           Power      Damage    Failure   Level
 Passwall                 Tmut/Erth      1%         N/A       32%         2
 Alistair's Intoxication  Tmut/Pois      2%         N/A       99%         5


Dungeon Overview and Level Annotations

Branches:
Dungeon (8/15)             Temple (0/1) D:4            Lair (0/6) D:8
Ossuary (visited)

Altars:
Ashenzari
Dithmenos
Makhleb
Uskayaw
Vehumet

Shops:
D:6 (

Annotations:
D:5 1 runed translucent door, fly's ghost, novice GnBr
D:7 exclusion: statue


Innate Abilities, Weirdness & Mutations

You have a pair of antennae on your head.
You are partially covered in rugged brown scales. (AC +1, +3% HP)
You regenerate a little health from kills.
You are mostly covered in sharp spines.


Message History

Found a scroll of amnesia and a scroll of identify.
Found 4 stones.
o - 4 scrolls of amnesia (gained 1)
f - 10 scrolls of identify (gained 1) Ashenzari invites you to partake of a vision and a curse of evocations and fortitude.
Annotate which branch? (. - D:8, ? - help, ! - show branch list)
Okay, then.
Your +0 cloak glows black for a moment.
Ashenzari will now keep your mind clear.
You see here 4 stones.
An electric eel is nearby!
You see here a +0 leather armour.
Found a stone staircase leading down.
There is an escape hatch in the floor here.
There is a stone staircase leading down here.
The electric eel shoots out a bolt of lightning at you!
The bolt of electricity hits you. The bolt of electricity hits you!!
The bolt of electricity hits the plant!
The plant begins to die.
You see here a potion of magic.
Throw: 3 boomerangs (silver)
Press: ? - help, Q - select action, (/) - cycle Shift-Dir - straight line, f - electric eel
Aim: an electric eel (51% to hit)
You throw a silver boomerang.
The silver boomerang misses the electric eel.
The electric eel shoots out a bolt of lightning at you!
The bolt of electricity hits you! The bolt of electricity misses you.
The bolt of electricity hits the plant!
The electric eel shoots out a bolt of lightning at you!
The bolt of electricity hits you!
* * * LOW HITPOINT WARNING * * *
Unknown command.
A nearby plant withers and dies.
The electric eel shoots out a bolt of lightning at you!
The bolt of electricity hits you!
* * * LOW HITPOINT WARNING * * *
The electric eel shoots out a bolt of lightning at you!
The bolt of electricity hits you.
* * * LOW HITPOINT WARNING * * *
The bolt of electricity hits you!
You die...

# ##.##..# *,
#.##..##### #..........
#, #.##..#.### #.
#.#.#..#.# #.#.###...#.#
..## ##..#.###
#######.###..).....
#.@...>..#.#.......
#.#######>##....... #.#
####[##.......
**###.####....##.......
**,#..!..#P....##.......
#..~~~S~.~~..##..8......
#.P~~~.~~~~~♣#..........
#P.~~~~~~.~~...8...8#...
#P~~~≈≈≈~~~~♣.......##..


You could see an electric eel.

Vanquished Creatures
  2 steam dragons
  3 wargs (D:8)
  The ghost of Bikalo the Merchant of Misery, an amateur DsNe of Kikubaaqudgha (D:4)
  A water moccasin (D:7)
  An ice beast (D:6)
  2 orc warriors (D:7)
  A sky beast (D:6)
  2 black bears
  2 ogres (D:5)
  A centaur (D:8)
  An elf zombie (Ossuary)
  3 bullfrogs
  2 necrophages
  A gnoll sergeant (D:8)
  5 scorpions
  2 orc priests
  A human zombie (Ossuary)
  2 gnoll boudas (D:5)
  A hound (D:6)
  An iguana (D:6)
  5 orc wizards
  3 mummies (Ossuary)
  11 adders
  15 gnolls
  3 white imps
  2 adder zombies (Ossuary)
  An adder skeleton (D:2)
  5 worms
  2 dart slugs
  14 orcs
  5 ball pythons
  3 bats
  5 endoplasms
  4 giant cockroaches
  3 goblins
  6 jackals (D:3)
  A quokka (D:3)
  2 ball python skeletons (D:2)
  4 ball python zombies (D:2)
  4 frilled lizards
  2 giant cockroach zombies (D:2)
  A goblin zombie (Ossuary)
  3 hobgoblin zombies (Ossuary)
  A jackal skeleton (D:2)
  3 kobolds
  4 kobold zombies (Ossuary)
  2 quokka zombies (Ossuary)
  6 rats
  4 rat zombies (Ossuary)
159 creatures vanquished.

Vanquished Creatures (others)
  A plant (D:8)
  8 withered plants (D:2)
9 creatures vanquished.

Grand Total: 168 creatures vanquished

Notes
Turn   | Place    | Note
-------+----------+-------------------------------------------
     0 | D:1      | Devinter the Demonspawn Gladiator began the quest for the
                  | Orb.
     0 | D:1      | Reached XP level 1. HP: 16/16 MP: 1/1
   480 | D:2      | Reached skill level 2 in Throwing
   578 | D:2      | Reached skill level 3 in Long Blades
   578 | D:2      | Reached skill level 3 in Dodging
   578 | D:2      | Gained mutation: You are partially covered in sharp spines.
                  | [demonic ancestry]
   578 | D:2      | Reached XP level 2. HP: 19/22 MP: 2/2
   782 | D:2      | Gained mutation: You have a pair of small antennae on your
                  | head. [demonic ancestry]
   782 | D:2      | Reached XP level 3. HP: 28/28 MP: 3/3
  1237 | D:3      | Reached skill level 3 in Fighting
  1237 | D:3      | Gained mutation: You are mostly covered in sharp spines.
                  | [demonic ancestry]
  1237 | D:3      | Reached XP level 4. HP: 28/35 MP: 4/4
  1555 | D:3      | Upgraded the game from 0.29-a0-486-ga88943ba61 to
                  | 0.29-a0-492-g10b964d8d7
  1555 | D:3      | Upgraded the game from 0.29-a0-492-g10b964d8d7 to
                  | 0.30-a0-54-g2e61a25929
  1572 | D:3      | Found a faded altar of an unknown god.
  1575 | D:3      | Prayed at the altar of an unknown god.
  1575 | D:3      | Became a worshipper of Ashenzari the Shackled
  1830 | D:4      | You fall into a shaft and drop 1 floor!
  1830 | D:5      | Entered Level 5 of the Dungeon
  1849 | D:5      | Noticed an ogre
  1855 | D:5      | Killed an ogre
  1856 | D:5      | Reached skill level 4 in Fighting
  1856 | D:5      | Reached skill level 4 in Long Blades
  1856 | D:5      | Gained mutation: You regenerate a little health from kills.
                  | [demonic ancestry]
  1856 | D:5      | Reached XP level 5. HP: 42/42 MP: 5/5
  1943 | D:5      | Gained mutation: You have a pair of antennae on your head.
                  | [demonic ancestry]
  1943 | D:5      | Reached XP level 6. HP: 17/49 MP: 6/6
  1966 | D:5      | Noticed fly's ghost (novice GnBr)
  1991 | D:5      | Reached skill level 5 in Fighting
  1991 | D:5      | Reached skill level 5 in Long Blades
  2179 | D:4      | Found a shadowy altar of Dithmenos.
  2187 | D:4      | Reached XP level 7. HP: 45/56 MP: 7/7
  2284 | D:4      | Reached * piety under Ashenzari
  2304 | D:4      | Reached skill level 6 in Long Blades
  2391 | D:4      | Reached ** piety under Ashenzari
  2567 | D:4      | Found a hide-covered altar of Uskayaw.
  2596 | D:4      | Found a staircase to the Ecumenical Temple.
  2699 | D:4      | Found a runed translucent door.
  2702 | D:4      | Noticed Bikalo's ghost (amateur DsNe)
  2714 | D:4      | Killed Bikalo's ghost
  3025 | D:5      | Found a runed translucent door.
  3173 | D:5      | Reached skill level 7 in Long Blades
  3187 | D:5      | Upgraded the game from 0.30-a0-54-g2e61a25929 to
                  | 0.30-a0-141-g30f27751c5
  3380 | D:6      | Found Giurph's Weapon Shoppe.
  3529 | D:6      | Reached skill level 1 in Spellcasting
  3885 | D:6      | Reached skill level 2 in Spellcasting
  3885 | D:6      | Reached XP level 8. HP: 51/64 MP: 10/12
  4025 | D:7      | Reached skill level 3 in Spellcasting
  4194 | D:6      | Reached skill level 8 in Long Blades
  4413 | D:7      | Found a radiant altar of Vehumet.
  4513 | D:7      | Learned a level 1 spell: Apportation
  4664 | D:7      | Reached skill level 9 in Long Blades
  4700 | D:7      | Gained mutation: You are partially covered in rugged brown
                  | scales. (AC +1, +3% HP) [demonic ancestry]
  4700 | D:7      | Reached XP level 9. HP: 53/71 MP: 16/16
  4837 | D:7      | Found a burning altar of Makhleb.
  5007 | D:8      | Found a sand-covered staircase.
  5024 | Ossuary  | Entered an ossuary
  5207 | D:8      | Reached skill level 10 in Long Blades
  5216 | D:8      | Learned a level 2 spell: Ensorcelled Hibernation
  5220 | D:8      | Learned a level 3 spell: Swiftness
  5384 | D:8      | Reached skill level 1 in Armour
  5384 | D:8      | Reached skill level 1 in Stealth
  5391 | D:8      | Reached skill level 2 in Armour
  5813 | D:8      | Found a staircase to the Lair.
  5822 | D:8      | Reached skill level 3 in Armour
  5835 | D:8      | Reached skill level 4 in Armour
  5840 | D:8      | Reached skill level 1 in Shields
  5905 | D:8      | Reached *** piety under Ashenzari
  5973 | D:8      | Killed from afar by an electric eel

Illustrated notes

Levels and vault maps discovered:
D:1:      minmay_arrival_open_corners, layout_basic, minmay_misc_feat_room
D:2:      layout_basic, serial_undead, serial_undead_f, serial_undead_b,
          serial_undead_f, serial_undead_f, serial_undead_b, serial_undead_b,
          serial_undead_f
D:3:      layout_loops_ring, shapermc_ecumenical_altar_hornbeckon
D:4:      nicolae_BIG_FREAKIN_CUBE, layout_loops_corners,
          grunt_dithmenos_smoke_and_mirrors, lemuel_doored_altar,
          minmay_temple_entry_drinking_statues, ebering_ghost_reflecting_pool
D:5:      layout_basic, hellmonk_ghost_happy_afterlife,
          kennysheep_generic_room_13
D:6:      layout_basic, amcnicky_altar_gilded, mainiacjoe_overflow_brackets,
          serial_shops, shop
D:7:      layout_rooms, marbit_many_paths, vehumet_statue
D:8:      layout_loops_ring, erik_lair_orcish_takeover,
          nicolae_ossuary_entry_monument, hex_large, serial_bayou_pond_b

Skill      XL: |  1  2  3  4  5  6  7  8  9 |
---------------+----------------------------+-----
Throwing       | 2 |  2.0
Long Blades    | 3 4 5 7 9 10 | 10.0
Dodging        | 3 |  3.0
Fighting       | 3 4 5 |  5.0
Spellcasting   | 2 3 |  3.9
Armour         | 4 |  4.1
Stealth        | 1 |  1.2
Shields        | 1 |  1.6

Action                   |  1- 3 |  4- 6 |  7- 9 || total
-------------------------+-------+-------+-------++-------
Melee: Long sword        |    89 |    59 |   259 ||   407
       Punch             |       |     1 |     8 ||     9
Throw: Boomerang         |     5 |       |     2 ||     7
Invok: Curse Item        |       |     1 |     4 ||     5
Evoke: Wand              |       |    10 |       ||    10
 Stab: Distracted        |       |       |     1 ||     1
Armor: Leather armour    |    31 |    18 |    17 ||    66
       Steam dragon scal |       |       |    53 ||    53
Dodge: Dodged            |    41 |    54 |   152 ||   247

Table legend: (Time is in decaauts)
 A = Elapsed time spent in this place.
 B = Non-inter-level travel time spent in this place.
 C = Inter-level travel time spent in this place.
 D = Time resting spent in this place.
 E = Time spent auto-exploring this place.
 F = Levels seen in this place.
 G = Mean time per level.
                   A        B        C        D        E       F      G
               +--------+--------+--------+--------+--------+-----+--------+
         Total |   6013 |   5904 |    109 |    690 |   1453 |   9 |  668.1 |
       Dungeon |   5857 |   5748 |    109 |    690 |   1453 |   8 |  732.1 |
       Ossuary |    155 |    155 |      0 |      0 |      0 |   1 |  155.0 |
               +--------+--------+--------+--------+--------+-----+--------+

Top non-repeatable levels by time:
     D:7: 1010 daAuts
     D:4: 854 daAuts
     D:6: 826 daAuts
     D:2: 821 daAuts
     D:5: 693 daAuts
     D:8: 621 daAuts
     D:3: 605 daAuts
     D:1: 424 daAuts
 Ossuary: 155 daAuts
